 Dungeon Crawl Stone Soup version 0.29-a0-575-g0dc89cf053 (webtiles) character file.

Game seed: 697922943601740969

74 DocClef the Covert (level 4, -4/41 HPs)
             Began as a Gnoll Delver on June 12, 2022.
             Slain by an iguana (10 damage)
             ... on level 4 of the Dungeon.
             The game lasted 00:00:46 (718 turns).

DocClef the Covert (Gnoll Delver)                    Turns: 718, Time: 00:00:46

Health: -4/41      AC:  3    Str: 11    XL:     4   Next: 28%
Magic:  5/5        EV: 13    Int: 10    God:
Gold:   4          SH:  0    Dex: 15    Spells: 5/5 levels left

rFire   . . .      SeeInvis .   a - +0 short sword
rCold   . . .      Faith    .   (no shield)
rNeg    . . .      Spirit   .   b - +0 leather armour
rPois   .          Reflect  .   (no helmet)
rElec   .          Harm     .   (no cloak)
rCorr   .          Rampage  .   (no gloves)
Will    .....                   (no boots)
Stlth   ++++......              (no amulet)
HPRegen 0.13/turn               (no ring)
MPRegen 0.09/turn               (no ring)

@: no status effects
A: fangs 1, strong nose, distributed training
a: no special abilities


You were on level 4 of the Dungeon.
You visited 1 branch of the dungeon, and saw 2 of its levels.

You collected 4 gold pieces.

Inventory:

Hand Weapons
 a - a +0 short sword (weapon)
Missiles
 h - 3 curare-tipped darts (quivered)
Armour
 b - a +0 leather armour (worn)
Wands
 g - a wand of digging (3)
 j - a wand of mindburst (17)
Scrolls
 c - a scroll of fog
 d - a scroll of magic mapping
 e - a scroll of fear
 k - a scroll of teleportation {unknown}
Potions
 f - a potion of haste
 i - a potion of berserk rage {unknown}


   Skills:
 + Level 6.6 Fighting
 + Level 4.6 Short Blades
 + Level 1.1 Long Blades
 + Level 1.1 Axes
 + Level 1.1 Maces & Flails
 + Level 1.1 Polearms
 + Level 1.1 Staves
 + Level 1.1 Slings
 + Level 1.1 Bows
 + Level 1.1 Crossbows
 + Level 1.1 Throwing
 + Level 1.1 Armour
 + Level 4.6 Dodging
 + Level 9.6 Stealth
 + Level 1.1 Shields
 + Level 1.1 Unarmed Combat
 + Level 1.1 Spellcasting
 + Level 0.8 Conjurations
 + Level 0.8 Hexes
 + Level 0.8 Summonings
 + Level 0.8 Necromancy
 + Level 0.8 Translocations
 + Level 0.8 Transmutations
 + Level 0.8 Fire Magic
 + Level 0.8 Ice Magic
 + Level 0.8 Air Magic
 + Level 0.8 Earth Magic
 + Level 0.8 Poison Magic
 + Level 1.2 Invocations
 + Level 1.1 Evocations


You had 5 spell levels left.
You didn't know any spells.
Your spell library was empty.

Dungeon Overview and Level Annotations

Branches:
Dungeon (5/15)
 Temple: D:4-7

Altars:


Innate Abilities, Weirdness & Mutations

You have very sharp teeth.
Your uncanny sense of smell can sniff out nearby items.
Your experience applies equally to all skills.


Message History

You completely miss the iguana.
The iguana is moderately wounded.
The iguana bites you.
You are too injured to fight recklessly!
You are too injured to fight recklessly!
You are too injured to fight recklessly!
You are too injured to fight recklessly!
You are too injured to fight recklessly!
You are too injured to fight recklessly!
You are too injured to fight recklessly!
You are too injured to fight recklessly!
You are too injured to fight recklessly!
You are too injured to fight recklessly!
You are too injured to fight recklessly!
You are too injured to fight recklessly!
You are too injured to fight recklessly!
You are too injured to fight recklessly!
You are too injured to fight recklessly!
Unknown command.
You barely miss the iguana. Your bite misses the iguana.
The iguana is moderately wounded.
The iguana misses you.
You hit the iguana. You bite the iguana, but do no damage.
The iguana is moderately wounded.
The iguana closely misses you.
You completely miss the iguana. Your bite misses the iguana.
The iguana is moderately wounded.
The iguana bites you!
* * * LOW HITPOINT WARNING * * *
Unknown command.
You closely miss the iguana.
The iguana is moderately wounded.
You hit the iguana. Your bite misses the iguana.
The iguana is severely wounded.
The iguana barely misses you.
Unknown command.
You closely miss the iguana.
The iguana is severely wounded.
The iguana bites you!
You die...

.###..#.# #..#
#.##.# #..$ ..
>.###.#..# ......#
.........< #..#..#
####.#.## #..##.#
#####..#.# #..##.#
#.....###. #.l##.#
#.###..#.# #.@##.#
#.# #.#.##
#..)..####.# #.#.#
#.##...#.#.###.#.#
#. #....#........#
#......#.#########
#####.##.# #.##.#
#.##.# #....#


You could see an iguana.

Vanquished Creatures
  2 hounds
  An adder (D:4)
  A dart slug (D:4)
  A ball python (D:4)
  An endoplasm (D:4)
  A kobold (D:4)
7 creatures vanquished.

Notes
Turn   | Place    | Note
-------+----------+-------------------------------------------
     0 | D:5      | Reached skill level 9 in Stealth
     0 | D:5      | DocClef the Gnoll Delver began the quest for the Orb.
     0 | D:5      | Reached XP level 1. HP: 23/23 MP: 1/1
    89 | D:5      | Noticed a hound
   111 | D:5      | Killed a hound
   112 | D:5      | Reached XP level 2. HP: 3/29 MP: 2/2
   112 | D:5      | Reached XP level 3. HP: 4/35 MP: 3/3
   419 | D:4      | Reached skill level 1 in Long Blades
   419 | D:4      | Reached skill level 1 in Axes
   419 | D:4      | Reached skill level 1 in Maces & Flails
   419 | D:4      | Reached skill level 1 in Polearms
   419 | D:4      | Reached skill level 1 in Staves
   419 | D:4      | Reached skill level 1 in Slings
   419 | D:4      | Reached skill level 1 in Bows
   419 | D:4      | Reached skill level 1 in Crossbows
   419 | D:4      | Reached skill level 1 in Throwing
   419 | D:4      | Reached skill level 1 in Armour
   419 | D:4      | Reached skill level 1 in Shields
   419 | D:4      | Reached skill level 1 in Unarmed Combat
   419 | D:4      | Reached skill level 1 in Spellcasting
   419 | D:4      | Reached skill level 1 in Invocations
   419 | D:4      | Reached skill level 1 in Evocations
   419 | D:4      | Reached XP level 4. HP: 9/41 MP: 5/5
   718 | D:4      | Slain by an iguana

Illustrated notes

Levels and vault maps discovered:
D:4:      cheibrodos_quashed, layout_loops_ring, temple_pool_b,
          gammafunk_ghost_smash, uniq_pikel
D:5:      layout_layer_cave

Skill      XL: |  1  2  3 |
---------------+----------+-----
Stealth        | |  9.6
Long Blades    | 1 |  1.1
Axes           | 1 |  1.1
Maces & Flails | 1 |  1.1
Polearms       | 1 |  1.1
Staves         | 1 |  1.1
Slings         | 1 |  1.1
Bows           | 1 |  1.1
Crossbows      | 1 |  1.1
Throwing       | 1 |  1.1
Armour         | 1 |  1.1
Shields        | 1 |  1.1
Unarmed Combat | 1 |  1.1
Spellcasting   | 1 |  1.1
Invocations    | 1 |  1.2
Evocations     | 1 |  1.1
Fighting       | |  6.6
Short Blades   | |  4.6
Dodging        | |  4.6
Conjurations   | |  0.8
Hexes          | |  0.8
Summonings     | |  0.8
Necromancy     | |  0.8
Translocations | |  0.8
Transmutations | |  0.8
Fire Magic     | |  0.8
Ice Magic      | |  0.8
Air Magic      | |  0.8
Earth Magic    | |  0.8
Poison Magic   | |  0.8

Action                   |  1- 3 |  4- 6 || total
-------------------------+-------+-------++-------
Melee: Short sword       |    41 |    21 ||    62
       Bite              |     4 |     3 ||     7
 Stab: Sleeping          |     2 |       ||     2
Armor: Leather armour    |     7 |     4 ||    11
Dodge: Dodged            |    33 |     6 ||    39

Table legend: (Time is in decaauts)
 A = Elapsed time spent in this place.
 B = Non-inter-level travel time spent in this place.
 C = Inter-level travel time spent in this place.
 D = Time resting spent in this place.
 E = Time spent auto-exploring this place.
 F = Levels seen in this place.
 G = Mean time per level.
                   A        B        C        D        E       F      G
               +--------+--------+--------+--------+--------+-----+--------+
         Total |    710 |    710 |      0 |    497 |     91 |   2 |  355.0 |
       Dungeon |    710 |    710 |      0 |    497 |     91 |   2 |  355.0 |
               +--------+--------+--------+--------+--------+-----+--------+

Top non-repeatable levels by time:
     D:5: 376 daAuts
     D:4: 333 daAuts
